 Dungeon Crawl Stone Soup version 0.19-a0-1511-g16f215b (webtiles) character file.

5262 Leszczynek the Basher (level 10, 0/102 HPs)
             Began as an Ogre Necromancer on Sept 11, 2016.
             Was an Initiate of Gozag.
             Slain by a starspawn tentacle (2 damage)
             ... attached to a tentacled starspawn
             ... on level 2 of the Abyss.
             The game lasted 00:29:59 (11734 turns).

Leszczynek the Basher (Ogre Necromancer)           Turns: 11734, Time: 00:30:00

Health: 0/102      AC:  5    Str: 17    XL:     10   Next: 62%
Magic:  13/13      EV:  9    Int: 14    God:    Gozag
Gold:   1291       SH:  0    Dex: 11    Spells: 2 memorised, 9 levels left

rFire  . . .     SeeInvis .     a - +0 giant club
rCold  . . .     Gourm    .     I - +0 robe {MR+}
rNeg   . . .     Faith    .     (shield currently unavailable)
rPois  +         Spirit   .     (helmet restricted)
rElec  .         Dismiss  .     p - +1 cloak
rCorr  .         Reflect  .     (gloves unavailable)
MR     ++...     Harm     .     (boots unavailable)
Stlth  +.........               (no amulet)
                                (no ring)
                                t - ring of poison resistance

@: lethally poisoned (0 -> -1), about to teleport, hasted and slowed,
constricted
A: unfitting armour, tough skin 1
a: Potion Petition, Call Merchant, Bribe Branch, Renounce Religion


You were on level 2 of the Abyss.
You worshipped Gozag.
Gozag was most pleased with you.
You were hungry.

You visited 1 branch of the dungeon, and saw 10 of its levels.
You visited the Abyss 1 time.

You collected 1741 gold pieces.
You spent 25 gold pieces at shops.
You paid 425 gold pieces to Gozag.

Inventory:

Hand Weapons
 a - a +0 giant club (weapon)
 b - a +3 short sword of venom
 D - a +0 giant spiked club
Missiles
 r - 14 javelins (quivered)
Armour
 p - a +1 cloak (worn)
 I - a +0 robe of magic resistance (worn)
Jewellery
 t - a ring of poison resistance (left hand)
 B - an uncursed ring of ice
Wands
 e - a wand of disintegration (0/24)
 i - a wand of lightning (6/15)
 m - a wand of random effects (9/48)
 y - a wand of teleportation (6/9)
 G - a wand of random effects (28/48)
Scrolls
 f - a scroll of fear
 g - a scroll of amnesia
 l - 3 scrolls of fog
 n - 2 scrolls of enchant armour
 o - 4 scrolls of remove curse
 u - 3 scrolls of teleportation
 v - 2 scrolls of magic mapping
 z - 2 scrolls of identify
 F - a scroll of recharging
Potions
 c - a potion of cure mutation
 h - 4 potions of flight
 w - a potion of mutation
 x - a potion of agility
 A - 2 potions of heal wounds
 C - 2 potions of curing
 E - a potion of cancellation
Books
 s - a book of Necromancy

   Spells                             Type                      Level
   a - Pain                           Necromancy                   1
   b - Animate Skeleton               Necromancy                   1
   c - Vampiric Draining              Necromancy                   3
   d - Regeneration                   Charms/Necromancy            3
   e - Animate Dead                   Necromancy                   4
   f - Control Undead                 Necromancy                   4
Comestibles
 d - 4 bread rations
 j - 4 meat rations
 q - 8 slices of pizza


   Skills:
 - Level 7.3 Fighting
 * Level 14.7 Maces & Flails
 + Level 5.7 Throwing
 + Level 5.0 Dodging
 - Level 1.5 Stealth
 - Level 2.4 Spellcasting
 - Level 2.9 Necromancy


You had 9 spell levels left.
You knew the following spells:

 Your Spells              Type           Power        Failure   Level  Hunger
b - Animate Skeleton      Necr           N/A          10%         1    #......
q - Regeneration          Chrm/Necr      #.........   38%         3    ###....


Dungeon Overview and Level Annotations

Branches:
Dungeon (10/15)            Temple (0/1) D:4
   Lair: D:8-11         Orc: D:9-12

Altars:
Ashenzari
Fedhas
Gozag
Hepliaklqana
Kikubaaqudgha
Okawaru
Qazlal
Ru
Sif Muna
Trog
Uskayaw
Xom

Shops:
D:8 (   D:9 [

Annotations:
D:6 exclusion: 2 doors
D:8 exclusion: door, Erica
D:10 Harold, Sonja


Innate Abilities, Weirdness & Mutations

You are too large for most types of armour.
You have tough skin. (AC +1)


Message History

You feel sick.
Unknown command.
You feel sick.
You feel sick.
Tentacles burst from the starspawn's body! 2 starspawn tentacles come into view.
Unknown command.
As you read the scroll of teleportation, it crumbles to dust.
You feel strangely unstable.
You feel the power of the Abyss delaying your translocation!
You feel sick.
The tentacled starspawn barely misses you.
The tentacled starspawn engulfs you!
The starspawn tentacle barely misses you.
You feel yourself speed up. The tentacled starspawn bites you!!
* * * LOW HITPOINT WARNING * * *
The tentacled starspawn barely misses you.
The starspawn tentacle grabs you.
You die...
Your body crumbles into a pile of gold.

#.# ..# #..#..
#..... #.
#!...#### #..
#....#%.#
#...#......#
#.........# $
#..@w#
...#..wX###
........X###
#......∩.#.##
#........##.#
....#....#.##.#
#...#....#.#.$#
#.. #....#.#..#
...... ...>§≈


You could see 2 tentacled starspawn and 2 starspawn tentacles.

Vanquished Creatures
  A troll (D:9)
  A two-headed ogre (D:8)
  A meliai zombie (D:10)
  A wraith (D:10)
  3 humans
  An ice beast (D:10)
  3 orc warriors (D:9)
  A sky beast (D:9)
  A necrophage (D:6)
  2 phantoms (D:6)
  6 ogres
  4 centaurs
  2 crocodiles (D:9)
  A big kobold (D:7)
  8 giant frogs
  A water moccasin skeleton (D:5)
  A wyvern skeleton (D:7)
  5 scorpions
  2 killer bees
  4 wights (D:9)
  3 howler monkeys
  A centaur zombie (D:4)
  4 crimson imps
  2 quasits
  3 orc priests
  A hound (D:7)
  2 jellies
  7 orc wizards
  A centaur skeleton (D:9)
  A gnoll shaman (D:5)
  3 iguanas
  6 worker ants
  Terence (D:3)
  A hound skeleton (D:4)
  A worker ant zombie (D:9)
  3 gnolls (D:5)
  2 howler monkey skeletons
  5 adders
  A shadow imp (D:5)
  An adder zombie (D:9)
  4 worms
  4 dart slugs
  6 giant geckos
  24 orcs
  3 ball pythons
  5 giant cockroaches
  11 goblins
  11 hobgoblins
  2 jackals (D:1)
  8 kobolds
  A quokka (D:2)
  12 bats
  5 giant newts
  A jackal skeleton (D:4)
  8 rats
  A plant (D:2)
204 creatures vanquished.

Notes
Turn   | Place    | Note
-------+----------+-------------------------------------------
     0 | D:1      | Leszczynek the Ogre Necromancer began the quest for the Orb.
     0 | D:1      | Reached XP level 1. HP: 16/16 MP: 3/3
     2 | D:1      | Learned a level 1 spell: Animate Skeleton
    23 | D:1      | Reached skill level 1 in Fighting
   149 | D:1      | Reached skill level 2 in Fighting
   149 | D:1      | Reached XP level 2. HP: 27/28 MP: 1/5
   474 | D:1      | Reached skill level 1 in Maces & Flails
   732 | D:1      | Found a shattered altar of Ashenzari.
   853 | D:1      | Reached skill level 2 in Maces & Flails
   853 | D:1      | Reached XP level 3. HP: 14/36 MP: 4/6
  1705 | D:1      | Reached skill level 3 in Maces & Flails
  1868 | D:1      | Learned a level 3 spell: Regeneration
  1986 | D:2      | Found a stormy altar of Qazlal.
  1988 | D:2      | Noticed a fire elemental
  1990 | D:2      | Noticed a water elemental
  1990 | D:2      | Noticed an air elemental
  1990 | D:2      | Noticed an earth elemental
  2032 | D:2      | Found a faded altar of an unknown god.
  2038 | D:2      | Became a worshipper of Gozag Ym Sagoz the Greedy
  2038 | D:2      | pfft
  2038 | D:2      | this is... not the best god
  2038 | D:2      | :D
  2086 | D:2      | Reached XP level 4. HP: 37/44 MP: 7/7
  2416 | D:2      | Reached skill level 4 in Maces & Flails
  2427 | D:2      | Found a deep blue altar of Sif Muna.
  2427 | D:2      | Found a hazy altar of Hepliaklqana.
  2671 | D:2      | ooh
  2847 | D:3      | Found an opulent altar of Gozag.
  2866 | D:3      | Noticed Terence
  2879 | D:3      | Killed Terence
  2911 | D:3      | Reached skill level 5 in Maces & Flails
  2911 | D:3      | Reached XP level 5. HP: 31/50 MP: 8/8
  3298 | D:3      | Reached skill level 6 in Maces & Flails
  3640 | D:4      | Found a staircase to the Ecumenical Temple.
  3671 | D:4      | Reached skill level 3 in Fighting
  3671 | D:4      | Reached XP level 6. HP: 14/61 MP: 9/9
  3946 | D:4      | Found a blossoming altar of Fedhas.
  4149 | D:4      | Reached skill level 7 in Maces & Flails
  4316 | D:4      | Reached skill level 4 in Fighting
  4605 | D:5      | Entered Level 5 of the Dungeon
  4617 | D:4      | Reached XP level 7. HP: 65/71 MP: 10/10
  4707 | D:5      | Reached skill level 8 in Maces & Flails
  4718 | D:5      | HP: 7/71 [poisoned by a scorpion]
  4724 | D:5      | HP: 6/71 [poisoned by a scorpion]
  4731 | D:5      | HP: 5/71 [poisoned by a scorpion]
  4739 | D:4      | HP: 5/71 [poisoned by a scorpion]
  5181 | D:5      | Reached skill level 5 in Fighting
  5506 | D:5      | Reached skill level 9 in Maces & Flails
  5884 | D:5      | Found an ancient bone altar of Kikubaaqudgha.
  6066 | D:5      | Found a hide-covered altar of Uskayaw.
  6270 | D:5      | Reached skill level 10 in Maces & Flails
  6270 | D:5      | Reached XP level 8. HP: 67/80 MP: 11/11
  6660 | D:6      | Reached skill level 11 in Maces & Flails
  7625 | D:6      | Reached skill level 12 in Maces & Flails
  7789 | D:7      | Reached XP level 9. HP: 33/87 MP: 12/12
  7867 | D:7      | Reached skill level 6 in Fighting
  8051 | D:7      | Reached skill level 2 in Dodging
  8228 | D:7      | Found an iron altar of Okawaru.
  8244 | D:7      | Reached skill level 13 in Maces & Flails
  8805 | D:7      | Reached skill level 7 in Fighting
  8956 | D:8      | Found Ebeosaok's Weapon Emporium.
  9160 | D:8      | Noticed a moth of wrath
  9162 | D:8      | Found a bloodstained altar of Trog.
  9201 | D:8      | Noticed Erica
  9215 | D:9      | Reached skill level 1 in Throwing
  9252 | D:9      | Reached skill level 3 in Dodging
  9517 | D:9      | Reached skill level 2 in Throwing
  9719 | D:9      | Reached skill level 3 in Throwing
  9829 | D:9      | Reached XP level 10. HP: 60/100 MP: 13/13
  9869 | D:9      | Reached skill level 14 in Maces & Flails
  9893 | D:9      | Reached skill level 4 in Throwing
  9893 | D:9      | Reached skill level 4 in Dodging
 10315 | D:8      | Found a shimmering altar of Xom.
 10331 | D:9      | HP: 10/102 [orc (3)]
 10653 | D:8      | Reached skill level 5 in Throwing
 10876 | D:8      | Found a sacrificial altar of Ru.
 10986 | D:9      | Bought a runed robe for 25 gold pieces
 11026 | D:10     | Entered Level 10 of the Dungeon
 11296 | D:10     | Noticed Harold
 11646 | D:10     | Reached skill level 5 in Dodging
 11717 | D:10     | Noticed Sonja
 11721 | D:10     | Cast into level 2 of the Abyss (Sonja)
 11723 | Abyss:2  | fair
 11723 | Abyss:2  | fair fair fair
 11725 | Abyss:2  | Noticed a tentacled starspawn
 11726 | Abyss:2  | Noticed a tentacled starspawn
 11734 | Abyss:2  | HP: 2/102 [tentacled starspawn (31)]
 11734 | Abyss:2  | Slain by a starspawn tentacle

Vault maps used:
D:1:      dpeg_arrival_renting, minmay_misc_feat_cross,
          nicolae_ashenzari_panopticon
D:2:      nicolae_qazlal_style_of_elements, gammafunk_temple_overflow_statue,
          ecumenical_altar_2, serial_bayou_pond_e
D:3:      lemuel_doored_altar, serial_glass, glass_columns_b, glass_columns_a,
          kennysheep_boxes, uniq_terence
D:4:      fedhas_altar_fruit_tree, first_bread
D:5:      kennysheep_mini, kiku_gazebo_pond_becter, serial_glass,
          glass_columns_c, glass_columns_c
D:6:      kennysheep_big_flooded_room
D:7:      okawaru_humans
D:8:      nicolae_ru_awakened_eye, xom_butterflies, tgw_trog,
          lemuel_round_altar, serial_shops, shop, grunt_pizzeria,
          nemelex_diamond_rough_becter, uniq_erica
D:10:     minmay_lair_entry_lava, david_orc_2, uniq_harold, uniq_maurice,
          uniq_sonja, uniq_grum
Abyss:2:  guppyfry_abyss_exit_glass_guarded

Skill      XL: |  1  2  3  4  5  6  7  8  9 10 |
---------------+-------------------------------+-----
Fighting       | 2 3 4 5 7 |  7.3
Maces & Flails | 2 3 5 6 7 10 12 13 14 | 14.7
Dodging        | 3 5 |  5.0
Throwing       | 3 5 |  5.7
Stealth        | |  1.5
Spellcasting   | |  2.4
Necromancy     | |  2.9

Action                   |  1- 3 |  4- 6 |  7- 9 | 10-12 || total
-------------------------+-------+-------+-------+-------++-------
Melee: Club              |    32 |       |       |       ||    32
       Short sword       |    32 |   177 |    40 |       ||   249
       Giant club        |       |       |   305 |   126 ||   431
Throw: Javelin           |       |     3 |     1 |     4 ||     8
 Cast: Pain              |    62 |     8 |       |       ||    70
Invok: Potion Petition   |       |     1 |       |       ||     1
       Call Merchant     |       |       |       |     1 ||     1
Evoke: Wand              |       |       |     3 |     8 ||    11
  Use: Scroll            |     3 |     4 |    13 |     3 ||    23
       Potion            |       |     3 |     2 |     3 ||     8
 Stab: Sleeping          |     1 |     1 |     3 |       ||     5
       Distracted        |       |       |     2 |       ||     2
  Eat: Chunk             |     5 |       |       |       ||     5
       Bread ration      |       |     2 |     2 |       ||     4
       Fruit             |       |       |     5 |     5 ||    10
       Beef jerky        |       |       |     1 |     1 ||     2
       Pizza             |       |       |     1 |       ||     1
Armor: Robe              |    53 |    39 |    69 |    51 ||   212
Dodge: Dodged            |    83 |    99 |   162 |    87 ||   431
